 Dungeon Crawl Stone Soup version 0.29.1-13-g9f3cf754e1 (webtiles) character file.

Game seed: 9348017167961658714

37 hbarley the Trooper (level 3, -1/33 HPs)
             Began as a Hill Orc Fighter on Jan 30, 2023.
             Killed by nerve-wracking pain
             ... invoked by Jessica
              (3 damage)
             ... on level 2 of the Dungeon.
             The game lasted 00:03:25 (921 turns).

hbarley the Trooper (Hill Orc Fighter)               Turns: 921, Time: 00:03:26

Health: -1/33      AC:  8    Str: 18    XL:     3   Next: 41%
Magic:  3/3        EV:  9    Int:  8    God:
Gold:   76         SH:  5    Dex: 12    Spells: 2/2 levels left

rFire   . . .      SeeInvis .   a - +0 war axe
rCold   . . .      Faith    .   c - +0 buckler
rNeg    . . .      Spirit   .   b - +0 scale mail
rPois   .          Reflect  .   (no helmet)
rElec   .          Harm     .   (no cloak)
rCorr   .          Rampage  .   (no gloves)
Will    .....                   f - +0 pair of boots
Stlth   ..........              (no amulet)
HPRegen 0.11/turn               (no ring)
MPRegen 0.08/turn               (no ring)

@: no status effects
A: no striking features
a: no special abilities


You were on level 2 of the Dungeon.
You visited 1 branch of the dungeon, and saw 2 of its levels.

You collected 76 gold pieces.

Inventory:

Hand Weapons
 a - a +0 war axe (weapon)
Armour
 b - a +0 scale mail (worn)
 c - a +0 buckler (worn)
 f - a +0 pair of boots (worn)
Jewellery
 h - a +6 ring of intelligence
 k - a ring of flight
Scrolls
 g - a scroll of amnesia {unknown}
 i - a scroll of summoning {unknown}
 j - a scroll of identify {unknown}
 m - a scroll of teleportation {unknown}
Potions
 d - a potion of might
 e - a potion of berserk rage {unknown}
 l - a potion of curing {unknown}


   Skills:
 + Level 3.9 Fighting
 + Level 3.6 Axes
 + Level 3.5 Armour
 + Level 0.2 Dodging
 + Level 3.8 Shields


You had 2 spell levels left.
You didn't know any spells.
Your spell library was empty.

Dungeon Overview and Level Annotations

Branches:
Dungeon (2/15)

Altars:

Annotations:
D:2 Jessica


Message History

The kobold hits you with a +0 short sword.
You block the kobold's attack.
You slash the kobold!
You kill the kobold!
A bat comes into view.
You see here a +0 short sword.
There's nothing to open nearby.
There is a stone staircase leading down here.
The bat hits you but does no damage. The bat hits you but does no damage.
You slash the bat!
You kill the bat!
There's nothing to open nearby.
You don't know any spells.
You see here a +0 short sword.
You now have 76 gold pieces (gained 4).
Jessica the Apprentice Sorceress comes into view.
She is wielding a +0 dagger and carrying a wand of flame (5).
Jessica shouts!
Jessica hits you with a +0 dagger.
A rat comes into view.
You slash Jessica!
Jessica is severely wounded.
Jessica points at you and mumbles some strange words.
Pain shoots through your body!
Jessica points at you and mumbles some strange words.
Pain shoots through your body!
* * * LOW HITPOINT WARNING * * *
You closely miss Jessica.
Jessica is severely wounded.
Jessica barely misses you.
You closely miss Jessica.
Jessica is severely wounded.
Jessica gestures at you while chanting. Pain shoots through your body!
* * * LOW HITPOINT WARNING * * *
You hit Jessica.
Jessica is almost dead.
Jessica gestures at you while chanting. Pain shoots through your body!
You die...

..####.# ...#.#
#..†## #.# #...+ ..
######...# .#
........>.## #.#
##########).# ..#
#...........## ##.#
#.#.@........#+#..#
#@########....††#
#. ####†..# #r
##.#### #. #....#
#. #.##.# #. #.##.#
#. #.##.# #.##.#


You could see Jessica and a rat.

Vanquished Creatures
  A worm (D:2)
  A dart slug (D:1)
  2 ball pythons (D:1)
  3 endoplasms (D:1)
  3 giant cockroaches (D:1)
  4 goblins (D:1)
  2 hobgoblins (D:1)
  4 jackals (D:2)
  3 bats
  5 kobolds
  A rat (D:1)
29 creatures vanquished.

Notes
Turn   | Place    | Note
-------+----------+-------------------------------------------
     0 | D:1      | hbarley the Hill Orc Fighter began the quest for the Orb.
     0 | D:1      | Reached XP level 1. HP: 19/19 MP: 1/1
     2 | D:1      | Noticed a demonspawn zombie
     7 | D:1      | Noticed a demonspawn zombie
    15 | D:1      | Noticed a merfolk zombie
    45 | D:1      | Reached XP level 2. HP: 15/27 MP: 2/2
   668 | D:1      | Reached XP level 3. HP: 28/33 MP: 3/3
   916 | D:2      | Noticed Jessica
   920 | D:2      | HP: 1/33 [Jessica/nerve-wracking pain (4)]
   921 | D:2      | Killed from afar by Jessica

Illustrated notes

Levels and vault maps discovered:
D:1:      shiori_arrival_whats_in_store_for_you, layout_basic
D:2:      layout_basic, minmay_divided_ellipse, uniq_terence, uniq_jessica

Skill      XL: |  1 |
---------------+----+-----
Axes           | 3 |  3.6
Fighting       | |  3.9
Armour         | |  3.5
Dodging        | |  0.2
Shields        | |  3.8

Action                   || total
-------------------------++-------
Melee: War axe           ||    69
Armor: Scale mail        ||    37
Dodge: Dodged            ||    39
Block: Buckler           ||    20
